 Seeded DCSS version 0.28-a0-1033-g1a2f33fa85 (webtiles) character file.

Game seed: 3527403583651477610 (custom seed)

4 croobank the Digger (level 1, 0/13 HPs)
             Began as a Gnoll Earth Elementalist on Dec 7, 2021.
             Slain by a jackal (1 damage)
             ... on level 1 of the Dungeon.
             The game lasted 00:02:22 (418 turns).

croobank the Digger (Gnoll Earth Elementalist)       Turns: 418, Time: 00:02:22

Health: 0/13       AC:  0    Str:  7    XL:     1   Next: 60%
Magic:  5/6        EV: 13    Int: 14    God:
Gold:   9          SH:  0    Dex: 12    Spells: 8/9 levels left

rFire   . . .      SeeInvis .   (no weapon)
rCold   . . .      Faith    .   (no shield)
rNeg    . . .      Spirit   .   (no armour)
rPois   .          Reflect  .   (no helmet)
rElec   .          Harm     .   (no cloak)
rCorr   .          Rampage  .   (no gloves)
Will    .....                   (no boots)
Stlth   ++........              (no amulet)
HPRegen 0.04/turn               (no ring)
MPRegen 0.10/turn               (no ring)

@: no status effects
A: fangs 1, strong nose, distributed training
a: no special abilities


You were on level 1 of the Dungeon.
You visited 1 branch of the dungeon, and saw 1 of its levels.

You collected 9 gold pieces.

Inventory:

Missiles
 c - 29 stones
Armour
 b - a +0 robe
 d - a +0 plate armour
Scrolls
 a - a scroll of immolation {immolation, unknown}
 e - a scroll of fog {unknown}


   Skills:
 + Level 0.1 Fighting
 + Level 0.1 Short Blades
 + Level 0.1 Long Blades
 + Level 0.1 Axes
 + Level 0.1 Maces & Flails
 + Level 0.1 Polearms
 + Level 0.1 Staves
 + Level 0.1 Slings
 + Level 0.1 Bows
 + Level 0.1 Crossbows
 + Level 0.1 Throwing
 + Level 0.1 Armour
 + Level 4.4 Dodging
 + Level 4.0 Stealth
 + Level 0.1 Shields
 + Level 0.1 Unarmed Combat
 + Level 4.9 Spellcasting
 + Level 0.1 Conjurations
 + Level 0.1 Hexes
 + Level 0.1 Summonings
 + Level 0.1 Necromancy
 + Level 0.1 Translocations
 + Level 2.0 Transmutations
 + Level 0.1 Fire Magic
 + Level 0.1 Ice Magic
 + Level 0.1 Air Magic
 + Level 5.3 Earth Magic
 + Level 0.1 Poison Magic
 + Level 0.2 Invocations
 + Level 0.1 Evocations


You had 8 spell levels left.
You knew the following spells:

 Your Spells              Type           Power      Damage    Failure   Level
a - Sandblast             Erth           36%        2d10      1%          1

Your spell library contained the following spells:

 Spells                   Type           Power      Damage    Failure   Level
 Passwall                 Tmut/Erth      10%        N/A       6%          2
 Stone Arrow              Conj/Erth      22%        3d8       17%         3
 Petrify                  Tmut/Erth      13%        N/A       36%         4


Dungeon Overview and Level Annotations

Branches:
Dungeon (1/15)

Altars:


Innate Abilities, Weirdness & Mutations

You have very sharp teeth.
Your uncanny sense of smell can sniff out nearby items.
Your experience applies equally to all skills.


Message History

A bat comes into view.
There is a stone staircase leading down here.
The bat misses you.
You hit the bat but do no damage. The bat hits you.
You closely miss the bat. The bat hits you. The bat hits you.
The bat closely misses you.
You miss the bat. The bat misses you.
The bat closely misses you. 3 jackals come into view.
The bat completely misses you. The bat closely misses you.
You hit the bat.
The bat is severely wounded.
The jackal barks! x2
The bat hits you. x3
You miss the bat.
The bat is severely wounded.
The bat misses you.
You hit the bat.
You kill the bat!
Your Transmutations skill increases to level 2!
You hit the jackal.
The jackal is moderately wounded.
The jackal misses you. The jackal closely misses you.
You closely miss the jackal. The jackal bites you. x2
* * * LOW HITPOINT WARNING * * *
You closely miss the jackal. The jackal misses you.
The jackal barely misses you. The jackal bites you.
* * * LOW HITPOINT WARNING * * *
You hit the jackal. You bite the jackal, but do no damage.
The jackal is moderately wounded.
The jackal closely misses you. x2; The jackal misses you.
Aiming: Sandblast (safe; 1% risk of failure)
Press: ? - help, Q - select action, (/) - cycle Shift-Dir - straight line, f - jackal
Aim: a jackal (moderately wounded, 74% to hit)
The blast of sand hits the jackal.
The jackal is severely wounded.
The jackal bites you.
* * * LOW HITPOINT WARNING * * *
The jackal bites you.
You die...

## .. #.
#.
#h#######
#hh@....#
#######>#
#.# #.#
#.# #.#
#.# ##
#.# ..#
###.#


You could see 3 jackals.

Vanquished Creatures
  A goblin (D:1)
  A bat (D:1)
  A frilled lizard (D:1)
  2 rats (D:1)
5 creatures vanquished.

Notes
Turn   | Place    | Note
-------+----------+-------------------------------------------
     0 | D:1      | croobank the Gnoll Earth Elementalist began the quest for
                  | the Orb.
     0 | D:1      | Reached XP level 1. HP: 13/13 MP: 6/6
   418 | D:1      | Slain by a jackal

Illustrated notes

Levels and vault maps discovered:
D:1:      dpeg_arrival_chambers_temple_mockup, layout_loops_ring, serial_shops,
          shop_fountains

Skill      XL: |  1 |
---------------+----+-----
Transmutations | 2 |  2.0
Fighting       | |  0.1
Short Blades   | |  0.1
Long Blades    | |  0.1
Axes           | |  0.1
Maces & Flails | |  0.1
Polearms       | |  0.1
Staves         | |  0.1
Slings         | |  0.1
Bows           | |  0.1
Crossbows      | |  0.1
Throwing       | |  0.1
Armour         | |  0.1
Dodging        | |  4.4
Stealth        | |  4.0
Shields        | |  0.1
Unarmed Combat | |  0.1
Spellcasting   | |  4.9
Conjurations   | |  0.1
Hexes          | |  0.1
Summonings     | |  0.1
Necromancy     | |  0.1
Translocations | |  0.1
Fire Magic     | |  0.1
Ice Magic      | |  0.1
Air Magic      | |  0.1
Earth Magic    | |  5.3
Poison Magic   | |  0.1
Invocations    | |  0.2
Evocations     | |  0.1

Action                   || total
-------------------------++-------
Melee: Unarmed           ||    29
       Bite              ||     1
 Cast: Sandblast         ||     1
Dodge: Dodged            ||    27

Table legend: (Time is in decaauts)
 A = Elapsed time spent in this place.
 B = Non-inter-level travel time spent in this place.
 C = Inter-level travel time spent in this place.
 D = Time resting spent in this place.
 E = Time spent auto-exploring this place.
 F = Levels seen in this place.
 G = Mean time per level.
                   A        B        C        D        E       F      G
               +--------+--------+--------+--------+--------+-----+--------+
         Total |    418 |    418 |      0 |      0 |    316 |   1 |  418.0 |
       Dungeon |    418 |    418 |      0 |      0 |    316 |   1 |  418.0 |
               +--------+--------+--------+--------+--------+-----+--------+

Top non-repeatable levels by time:
     D:1: 418 daAuts
